 Dungeon Crawl Stone Soup version 0.19-a0-1670-gc28a5d9 (console) character file.

59963 utis the Grappler (level 14, -1/141 HPs)
             Began as a Troll Warper on Sept 20, 2016.
             Was the Champion of Cheibriados.
             Slain by an orc knight
             ... wielding a +0 battleaxe
              (32 damage)
             ... on level 2 of the Orcish Mines on Sept 21, 2016.
             The game lasted 01:41:56 (23891 turns).

utis the Grappler (Troll Warper)                   Turns: 23891, Time: 01:41:56

Health: -1/141     AC: 11    Str: 37    XL:     14   Next: 55%
Magic:  22/22      EV: 27    Int: 25    God:    Cheibriados [******]
Gold:   1498       SH:  0    Dex: 32    Spells: 8 memorised, 4 levels left

rFire  + . .     SeeInvis .       - Unarmed
rCold  . . .     Gourm    +     Y - +1 robe {rF+}
rNeg   . . .     Faith    .     (no shield)
rPois  +         Spirit   .     v - +2 hat
rElec  .         Dismiss  .     V - +2 cloak {MR+}
rCorr  .         Reflect  .     (gloves unavailable)
MR     ++...     Harm     .     (boots unavailable)
Stlth  +++.......               (no amulet)
                                P - ring of poison resistance
                                E - +3 ring of evasion

@: agile, very slow
A: unfitting armour, claws 3, fast metabolism 3, gourmand, regeneration 1,
shaggy fur 1, tough skin 2
a: Bend Time, Temporal Distortion, Slouch, Step From Time, Renounce Religion


You were on level 2 of the Orcish Mines.
You worshipped Cheibriados.
Cheibriados was exalted by your worship.
You were completely stuffed.

You visited 4 branches of the dungeon, and saw 21 of its levels.
You also visited: Labyrinth.

You collected 1783 gold pieces.
You spent 285 gold pieces at shops.

Inventory:

Missiles
 d - 11 tomahawks of dispersal {=f}
 o - 417 stones
 q - 64 arrows
 y - 23 bolts
 A - 13 tomahawks
 D - 4 large rocks
 L - a javelin (quivered)
Armour
 v - a +2 hat (worn)
 C - a +0 cloak of invisibility
 V - a +2 cloak of magic resistance (worn)
 Y - a +1 robe of fire resistance (worn)
Magical Staves
 b - an uncursed staff of wizardry {!a}
Rods
 z - a +5 rod of clouds (11/11) {!a}
   (You found it in a labyrinth)
Jewellery
 E - a +3 ring of evasion (left claw)
 F - an uncursed ring of fire
 P - a ring of poison resistance (right claw)
Wands
 a - a wand of paralysis (12/24)
 e - a wand of iceblast (6/15)
 l - a wand of slowing (24/48)
 r - a wand of polymorph (13/24)
 N - a wand of confusion (42/48)
 S - a wand of digging (8/24)
Scrolls
 c - 4 scrolls of blinking
 h - 2 scrolls of magic mapping
 j - a scroll of enchant armour
 B - 7 scrolls of remove curse {@r2}
 J - 3 scrolls of fog
 Q - 10 scrolls of teleportation {@r4}
 R - 2 scrolls of fear
Potions
 k - 9 potions of curing {@q1}
 m - 2 potions of lignification
 p - 3 potions of brilliance
 s - 2 potions of magic
 t - a potion of invisibility
 w - 2 potions of might
 H - 2 potions of flight
 U - a potion of ambrosia
 X - a potion of agility
Miscellaneous
 Z - a phantom mirror
Comestibles
 f - 11 bread rations {@e1}
 i - 6 beef jerkies {@e2}
 n - 13 meat rations {@e1}
 u - 2 royal jellies {@e3}
 x - 15 fruits {@e2}
 I - 7 slices of pizza {@e2}
 K - 2 chunks of flesh


   Skills:
 + Level 9.9 Fighting
 - Level 0.8 Throwing
 + Level 8.6 Dodging
 + Level 14.4 Unarmed Combat
 - Level 6.0 Spellcasting
 - Level 2.2 Charms
 - Level 6.0 Translocations
 - Level 8.9 Invocations


You had 4 spell levels left.
You knew the following spells:

 Your Spells              Type           Power        Failure   Level  Hunger
a - Apportation           Tloc           #####.....   1%          1    None
d - Passage of Golubria   Tloc           N/A          8%          4    ###....
f - Conjure Flame         Conj/Fire      #.......     21%         3    None
g - Shroud of Golubria    Chrm/Tloc      ####......   1%          2    None
o - Teleport Other        Tloc           #####...     1%          3    None
p - Mephitic Cloud        Conj/Pois/Air  #.......     21%         3    None
t - Portal Projectile     Tloc           #####.       1%          3    None
v - Blink                 Tloc           N/A          1%          2    None


Dungeon Overview and Level Annotations

Branches:
Dungeon (12/15)            Temple (1/1) D:5            Lair (6/6) D:10
 Shoals (0/4) Lair:4       Spider (0/4) Lair:2        Slime (0/5) Lair:5
    Orc (2/2) D:11            Elf (0/3) Orc:2

Altars:
Ashenzari
Cheibriados
Dithmenos
Elyvilon
Fedhas
Gozag
Hepliaklqana
Kikubaaqudgha
Makhleb
Nemelex Xobeh
Okawaru
Qazlal
Ru
Sif Muna
Trog
Uskayaw
Vehumet
Xom
Yredelemnul
Zin
The Shining One
Beogh

Shops:
D:4 (   D:8 *   Orc:2 ?


Innate Abilities, Weirdness & Mutations

You are too large for most types of armour.
You have claws for hands.
Your metabolism is lightning-fast.
You like to eat raw meat.
Your natural rate of healing is unusually fast.
You are covered in fur. (AC +1)
You have very tough skin. (AC +2)


Message History

You claw the ogre mage! You claw the ogre mage!!
The ogre mage is severely wounded.
You claw the ogre mage!
You kill the ogre mage!
Cheibriados thoroughly appreciates the change of pace.
You mangle the orc knight!!
The orc knight is moderately wounded.
You claw the orc knight!
The orc knight is heavily wounded.
The orc knight unwields an uncursed arbalest.
The orc knight wields an uncursed battleaxe.
The orc knight barely misses you.
You closely miss the orc knight.
The orc knight is heavily wounded.
You feel agile all of a sudden. The orc knight completely misses you.
You claw the orc knight!
The orc knight is severely wounded.
The orc knight hits you with an uncursed battleaxe!!
You die...

░≈≈≈≈░)..░.░░░
░░░░░░➘8..░░ ░....░░
░░➘o░░░ ░...░░ ░░...░░
░░░.).░ ░░.░░.░░░░
░░..T░➘.░.░░ .░
░...)o[....░░
..░░░░░..)..➘....░
...░..░.......░.░░
...............░░░░
░...░.......░░.░░░.░░
.....░.......░░░░...░
..............░░...░░
..........░........░░░░


You could see an orc knight.

Vanquished Creatures
  A minotaur (Lab)
  8 hydras
  An ogre mage (Orc:2)
  A tengu warrior (D:10)
  An orc high priest (Orc:1)
  3 hill giants
  4 orc knights
  An ugly thing (D:11)
  A cyclops (Orc:1)
  2 oklob plants (Lair:4)
  2 orc sorcerers
  17 elephants
  3 black mambas
  4 gargoyles (Lab)
  7 spiny frogs
  A rime drake (Lair:4)
  7 komodo dragons
  A tengu conjurer (D:10)
  2 trolls (Orc:2)
  9 blink frogs
  2 two-headed ogres (D:11)
  5 polar bears
  12 hippogriffs
  14 spriggans (Lair:6)
  A shadow (D:11)
  2 redbacks (Lair:2)
  4 wyverns
  2 wraiths (D:11)
  60 yaks
  A basilisk (Lair:2)
  A human (D:7)
  2 hungry ghosts
  3 hogs (D:7)
  2 wargs
  13 water moccasins
  18 porcupines
  15 orc warriors
  2 sky beasts
  2 black bears
  5 wasps
  4 ice beasts
  3 phantoms
  2 eyes of draining (D:6)
  A necrophage (D:11)
  2 boggarts (Lair:6)
  10 ogres
  3 centaurs
  18 wolves
  12 crocodiles
  2 big kobolds (D:7)
  11 bullfrogs
  A wyvern skeleton (D:11)
  6 scorpions
  7 wights
  11 killer bees
  3 electric eels
  3 howler monkeys
  4 crimson imps
  3 centaur zombies
  7 hounds
  A quasit (D:7)
  19 orc wizards
  5 jellies
  13 orc priests
  A bullfrog skeleton (D:9)
  2 centaur skeletons
  10 iguanas
  7 worker ants
  A hound zombie (D:11)
  A howler monkey skeleton (D:6)
  45 river rats
  14 adders
  4 gnolls
  3 shadow imps
  4 oozes
  2 adder skeletons (D:4)
  2 adder zombies
  A worm (D:3)
  9 leopard geckos
  74 orcs
  5 bats
  7 giant cockroaches
  3 hobgoblins
  5 quokkas
  3 frilled lizards
  8 goblins
  10 kobolds
  2 leopard gecko zombies
  13 rats
  2 fungi (Lair:4)
631 creatures vanquished.

Vanquished Creatures (others)
  10 fungi
  8 plants
18 creatures vanquished.

Grand Total: 649 creatures vanquished

Notes
Turn   | Place    | Note
-------+----------+-------------------------------------------
     0 | D:1      | utis the Troll Warper began the quest for the Orb.
     0 | D:1      | Reached XP level 1. HP: 19/19 MP: 1/1
   379 | D:1      | Reached XP level 2. HP: 24/27 MP: 2/2
   461 | D:1      | Reached skill level 3 in Unarmed Combat
   538 | D:1      | Learned a level 2 spell: Shroud of Golubria
   867 | D:2      | Found a faded altar of an unknown god.
   931 | D:2      | Reached XP level 3. HP: 31/33 MP: 3/3
   983 | D:2      | Found a hazy altar of Hepliaklqana.
  1359 | D:2      | Reached skill level 4 in Unarmed Combat
  1505 | D:2      | Reached XP level 4. HP: 23/41 MP: 4/4
  1961 | D:2      | Learned a level 2 spell: Blink
  2224 | D:3      | Reached skill level 5 in Unarmed Combat
  2226 | D:3      | Reached XP level 5. HP: 43/48 MP: 5/5
  2532 | D:3      | Noticed a sky beast
  2560 | D:3      | Killed a sky beast
  2560 | D:3      | Reached skill level 1 in Charms
  2849 | D:3      | Reached XP level 6. HP: 53/55 MP: 7/7
  2932 | D:4      | Found Ezeacim's Weapon Boutique.
  3186 | D:4      | Reached XP level 7. HP: 55/62 MP: 9/9
  3292 | D:4      | Found a white marble altar of Elyvilon.
  3384 | D:4      | Learned a level 3 spell: Teleport Other
  3430 | D:5      | Entered Level 5 of the Dungeon
  3477 | D:5      | Found a staircase to the Ecumenical Temple.
  3793 | D:5      | Reached XP level 8. HP: 52/70 MP: 9/11
  3843 | Temple   | Entered the Ecumenical Temple
  3900 | Temple   | Became a worshipper of Cheibriados the Contemplative
  3921 | D:5      | Learned a level 3 spell: Portal Projectile
  3930 | D:5      | Found a snail-covered altar of Cheibriados.
  3937 | D:5      | Reached skill level 1 in Invocations
  4130 | D:5      | Reached skill level 5 in Translocations
  5007 | D:6      | Reached skill level 6 in Unarmed Combat
  5026 | D:6      | Reached * piety under Cheibriados
  5101 | D:6      | Found a bloodstained altar of Trog.
  5110 | D:6      | Reached skill level 7 in Unarmed Combat
  5285 | D:6      | Reached XP level 9. HP: 71/76 MP: 10/12
  5502 | D:6      | Found a stormy altar of Qazlal.
  5502 | D:6      | Found a glowing silver altar of Zin.
  5503 | D:6      | Found a deep blue altar of Sif Muna.
  6149 | D:6      | Reached skill level 8 in Unarmed Combat
  6540 | D:7      | Learned a level 3 spell: Conjure Flame
  6727 | D:7      | Reached ** piety under Cheibriados
  6895 | D:7      | Reached skill level 9 in Unarmed Combat
  6976 | D:7      | Reached skill level 10 in Unarmed Combat
  7706 | D:8      | Found Misas's General Store.
  7710 | D:8      | Bought a scroll of fog for 26 gold pieces
  7819 | D:8      | Reached *** piety under Cheibriados
  7873 | D:8      | Reached XP level 10. HP: 80/91 MP: 9/13
  8049 | D:8      | Found a shattered altar of Ashenzari.
  8696 | D:8      | Reached **** piety under Cheibriados
  8921 | D:9      | Reached skill level 5 in Fighting
  9456 | D:9      | Found a radiant altar of Vehumet.
  9622 | D:10     | Entered Level 10 of the Dungeon
  9643 | D:10     | Noticed a stone giant
  9670 | D:10     | Reached ***** piety under Cheibriados
  9984 | D:10     | Noticed a hill giant
 10008 | D:10     | Killed a hill giant
 10189 | D:10     | Learned a level 4 spell: Passage of Golubria
 10259 | D:10     | Noticed a tengu warrior
 10411 | D:10     | Found a staircase to the Lair.
 10420 | D:10     | Reached skill level 5 in Spellcasting
 10444 | D:10     | Killed a tengu warrior
 10448 | D:10     | Reached XP level 11. HP: 44/104 MP: 9/17
 11069 | D:11     | Found a staircase to the Orcish Mines.
 11400 | D:11     | Noticed a hill giant
 11416 | D:11     | Killed a hill giant
 11486 | D:11     | Learned a level 3 spell: Mephitic Cloud
 11788 | D:11     | Noticed a green ugly thing
 11796 | D:11     | Killed a green ugly thing
 12239 | D:11     | Noticed a four-headed hydra
 12248 | D:11     | Reached skill level 11 in Unarmed Combat
 12252 | D:11     | Killed a seven-headed hydra
 12584 | D:11     | Identified a scroll of acquirement
 12605 | D:12     | Noticed a hill giant
 12633 | D:12     | Reached ****** piety under Cheibriados
 12636 | D:12     | Noticed a skeletal warrior
 12688 | D:11     | Noticed a hill giant
 12701 | D:11     | Killed a hill giant
 12801 | D:12     | Noticed a death knight
 12801 | D:12     | Noticed a phantasmal warrior
 12891 | Lair:1   | Entered Level 1 of the Lair of Beasts
 13139 | Lair:1   | Reached XP level 12. HP: 115/115 MP: 17/20
 13287 | Lair:1   | Reached skill level 12 in Unarmed Combat
 14360 | Lair:2   | Reached skill level 5 in Invocations
 14427 | Lair:2   | Found a basalt altar of Yredelemnul.
 14703 | Lair:2   | Noticed a five-headed hydra
 14853 | Lair:2   | Killed an eight-headed hydra
 15059 | Lair:2   | Noticed a seven-headed hydra
 15074 | Lair:2   | Killed a seven-headed hydra
 15371 | Lair:2   | Found a hole to the Spider Nest.
 16093 | Lair:3   | Reached XP level 13. HP: 92/124 MP: 14/21
 16409 | Lair:3   | Reached skill level 5 in Dodging
 17189 | Lair:3   | well
 17508 | Lair:4   | you got to be kidding me ...
 18293 | Lair:4   | Reached skill level 13 in Unarmed Combat
 18318 | Lair:4   | Found a staircase to the Shoals.
 18744 | Lair:5   | Found a labyrinth entrance.
 18767 | Lab      | Entered a labyrinth
 18984 | Lab      | Noticed a minotaur
 18998 | Lab      | Paying attention would help...
 19004 | Lab      | Killed a minotaur
 19021 | Lab      | my god ..
 19182 | Lab      | Identified Sif Muna's Disquisition on Warped Toxins
 19195 | Lab      | Identified a +5 rod of clouds (11/11) (You found it in a labyrinth)
 19290 | Lair:5   | Found a staircase to the Slime Pits.
 19961 | Lair:6   | Entered Level 6 of the Lair of Beasts
 20031 | Lair:6   | Got a jet-encrusted scale mail
 21003 | Lair:6   | Reached XP level 14. HP: 137/140 MP: 14/22
 21092 | Lair:6   | Upgraded the game from 0.19-a0-1654-g9d3f708 to 0.19-a0-1670-gc28a5d9
 22104 | Lair:4   | Reached skill level 14 in Unarmed Combat
 22704 | Orc:1    | Entered Level 1 of the Orcish Mines
 22851 | Orc:2    | Entered Level 2 of the Orcish Mines
 22942 | Orc:2    | Found a staircase to the Elven Halls.
 23610 | Orc:1    | Found a roughly hewn altar of Beogh.
 23723 | Orc:2    | Found Atsiyx's Magic Scroll Shoppe.
 23828 | Orc:2    | Bought a scroll of fear for 49 gold pieces
 23828 | Orc:2    | Bought 3 scrolls of teleportation for 126 gold pieces
 23828 | Orc:2    | Bought 2 scrolls of identify for 56 gold pieces
 23828 | Orc:2    | Bought a scroll of identify for 28 gold pieces
 23891 | Orc:2    | Slain by an orc knight

Vault maps used:
D:1:      minmay_arrival_stone_box, minmay_box_of_dots
D:2:      old_standard_altar, ecumenical_altar_1, dk_noncrumbling_3,
          minmay_stone_trees_small
D:3:      first_bread
D:4:      elyvilon_altar_3, serial_shops, shop
D:5:      wad_woods_tower, basic_altar
D:6:      gammafunk_temple_overflow_forgotten, trog_eyes_of_draining
D:7:      grunt_livestock, minmay_unpleasant_kobolds
D:8:      serial_shops, shop, basic_altar, special_room
D:9:      kennysheep_mini_moat, evilmike_minifort
D:10:     dpeg_lair_monsters, onia_ninara_dug_in_and_dangerous
D:11:     david_orc_3, hangedman_decor_diamond_cutter
D:12:     regret_index_wax_grids
Temple:   eino_wide_crystal_templ
Lair:1:   beast_lair_carwin_10, grunt_megastairs_5
Lair:2:   spider_nest_entry_webs, basic_altar, serial_bayou,
          serial_bayou_shore_b, serial_bayou_crossing, serial_bayou_shore_b,
          serial_bayou_shore_a, grunt_megastairs_1
Lair:4:   dpeg_oklob_shooting_range, elwin_shoals_entry_rocks,
          hangedman_lair_generics_rect
Lair:5:   slime_dummy, lab_entry_generic
Lair:6:   minmay_lair_end_enchanted_forest
Orc:1:    bh_open_orc_temple
Orc:2:    grunt_orc_cross, serial_shops, shop_statue, guppyfry_orc_lava_fort
Lab:      labyrinth_watery, nicolae_lab_diamond, nicolae_lab_swirl,
          nicolae_lab_x

Skill      XL: |  1  2  3  4  5  6  7  8  9 10 11 12 13 14 |
---------------+-------------------------------------------+-----
Unarmed Combat | 3 4 5 7 10 11 12 13 14 | 14.4
Charms         | 1 2 |  2.2
Spellcasting   | 2 3 5 6 |  6.0
Translocations | 3 4 5 6 |  6.0
Invocations    | 3 8 |  8.9
Fighting       | 3 5 6 7 9 |  9.9
Dodging        | 4 7 8 |  8.6
Throwing       | |  0.8

Action                   |  1- 3 |  4- 6 |  7- 9 | 10-12 | 13-15 || total
-------------------------+-------+-------+-------+-------+-------++-------
Melee: Unarmed           |    80 |   116 |   360 |   636 |   624 ||  1816
       Punch             |     2 |     1 |    13 |    58 |    59 ||   133
Throw: Stone             |     9 |    11 |    44 |   100 |    78 ||   242
       Large rock        |       |     2 |       |    18 |       ||    20
       Javelin           |       |       |       |       |    33 ||    33
       Tomahawk          |       |       |       |       |    10 ||    10
 Cast: Shroud of Golubri |       |     4 |    54 |   114 |    70 ||   242
       Teleport Other    |       |       |     2 |     9 |     6 ||    17
       Conjure Flame     |       |       |       |    19 |    20 ||    39
       Passage of Golubr |       |       |       |     4 |     5 ||     9
       Blink             |       |       |       |     3 |    11 ||    14
       Apportation       |       |       |       |     2 |     3 ||     5
       Portal Projectile |       |       |       |       |     2 ||     2
Evoke: Wand              |       |       |       |     1 |     7 ||     8
  Use: Scroll            |       |     8 |     4 |     9 |    14 ||    35
       Potion            |       |       |       |     4 |     4 ||     8
 Stab: Sleeping          |       |       |     1 |     2 |     2 ||     5
       Distracted        |       |       |       |     1 |       ||     1
  Eat: Chunk             |    19 |    16 |    39 |    56 |    49 ||   179
       Bread ration      |       |       |       |       |     1 ||     1
Armor: Robe              |    20 |    24 |   122 |   177 |   114 ||   457
       Skin              |       |       |       |       |     1 ||     1
Dodge: Dodged            |    23 |    40 |   147 |   412 |   521 ||  1143
